AoeStats
← fleur

MegaRandom

509127764Analyzed
2v2 RM · 8d ago on Sep 25, 2026· 63m 25s· 4 players
Game mode
Random Map
Map size
Medium (4 player)
Population
200
Speed
Normal
Resources
Standard
Victory
Conquest
Starting age
Dark Age
Ending age
Imperial Age
RankedLock teamsTeams togetherTeam positionsShared explorationLock speedFull tech treeHidden civsTurbo modeCheats
Victory
Defeat
🇧🇩 Bohemians · Bangladesh
939
+17
🇦🇷 Saxons · Argentina
882
+19
🇨🇦 Tatars · Canada
977
-19
🇩🇪 Huns · Germany
934
-17
ptom
0:32 Loom
10:02 Feudal Age
10:57 Double-Bit Axe
14:36 Horse Collar
14:56 Gold Mining
16:49 Wheelbarrow
21:15 Castle Age
20:30 Bloodlines
20:59 Fletching
21:19 Stone Mining
22:41 Bow Saw
23:34 Gold Shaft Mining
23:34 Heavy Plow
24:32 Husbandry
25:27 Ballistics
24:48 Treadmill Crane
25:30 Padded Archer Armor
25:27 Town Watch
26:31 Leather Archer Armor
27:05 Bodkin Arrow
29:32 Hand Cart
29:17 Murder Holes
29:32 Masonry
35:13 Imperial Age
34:34 Caravan
35:23 Forging
36:32 Crop Rotation
36:12 Siege Engineers
36:37 Bracer
38:52 Ring Archer Armor
40:10 Chemistry
39:54 Conscription
41:10 Guilds
43:07 Timurid Siegecraft
43:01 Silk Armor
43:22 Light Cavalry
45:19 Fervor
44:38 Heavy Cavalry Archer
49:05 Iron Casting
49:14 Scale Barding Armor
53:20 Blast Furnace
53:50 Chain Barding Armor
53:09 Elite Keshik
56:54 Plate Barding Armor
58:15 Elite Steppe Lancer
60:36 Town Patrol
62:06 Hussar
fleur
7:26 Loom
11:02 Feudal Age
11:46 Double-Bit Axe
11:45 Horse Collar
14:30 Wheelbarrow
17:16 Bloodlines
21:45 Castle Age
20:38 Gold Mining
21:01 Forging
20:58 Scale Barding Armor
21:58 Stone Mining
22:10 Scale Mail Armor
23:11 Hand Cart
24:11 Bow Saw
24:05 Heavy Plow
26:51 Marauders
27:00 Man-at-Arms
27:41 Squires
28:11 Murder Holes
29:40 Masonry
31:10 Husbandry
33:42 Gold Shaft Mining
34:29 Long Swordsman
36:45 Chain Barding Armor
49:01 Imperial Age
49:34 Iron Casting
49:04 Padded Archer Armor
54:46 Conscription
53:58 Elite Tarkan
55:19 Plate Barding Armor
55:38 Caravan
56:01 Chain Mail Armor
63:06 Blast Furnace
Papulopulus
10:56 Feudal Age
12:15 Loom
12:27 Double-Bit Axe
15:10 Castle Age
13:36 Horse Collar
14:01 Stone Mining
15:13 Gold Mining
17:56 Fletching
23:08 Town Watch
27:53 Wheelbarrow
27:43 Bow Saw
29:16 Hand Cart
29:10 Heavy Plow
29:15 Bodkin Arrow
30:09 Guard Tower
31:18 Forging
31:09 Scale Mail Armor
31:30 Ballistics
30:51 Treadmill Crane
33:55 Iron Casting
33:35 Chain Mail Armor
35:20 Gold Shaft Mining
34:53 Scale Barding Armor
34:49 Padded Archer Armor
37:19 Squires
37:05 Arson
37:05 Gambesons
40:32 Imperial Age
38:34 Masonry
39:35 Fortified Wall
40:36 Leather Archer Armor
40:42 Chain Barding Armor
40:45 Elite Hearth Troop
41:46 Conscription
40:47 Shield Wall
43:15 Hoardings
43:12 Bracer
43:43 Plate Mail Armor
43:50 Keep
43:00 Arrowslits
44:16 Chemistry
43:47 Architecture
43:23 Siege Engineers
46:05 Ring Archer Armor
45:32 Murder Holes
46:36 Guilds
50:50 Sanctity
50:18 Pikeman
50:18 Man-at-Arms
51:31 Crop Rotation
52:03 Two-Man Saw
51:46 Long Swordsman
51:47 Halberdier
Kamal
12:20 Feudal Age
10:36 Loom
18:05 Castle Age
16:35 Double-Bit Axe
17:12 Horse Collar
18:35 Pikeman
21:05 Forging
23:18 Wheelbarrow
24:43 Squires
31:54 Imperial Age
37:38 Scale Mail Armor
39:55 Chemistry
39:48 Iron Casting
39:29 Chain Mail Armor
41:20 Ballistics
53:53 Murder Holes
Connection lost

Rejoining the realm…

Still unreachable

The connection could not be restored.

Session expired

The server has moved on; the page needs a fresh start.